Map: Imperio eterno EE

Players

MrFercho

  • Race: Zerg Zerg
  • League: Silver
  • Spawn Location: 7:00

custoin - Winner!

  • Race: Terran Terran
  • League: Silver
  • Spawn Location: 1:00

VOD

Have the link to the VOD?

Description

Time

  • Played on: May 20, 2020, 11:20 p.m.
  • Length: 16:33
Show
View Real Time Build Order
Export as new Build Order

MrFercho Zerg 

Build Orders: Pool First 

Get SALT Encoding   

  12  0:03  Drone  
  13  0:13  Overlord  
  13  0:22  Drone  
  13  0:26  Extractor  
  13  0:27  Drone  
  14  0:31  Drone  
  14  0:32  Extractor  
  14  0:40  Drone  
  15  0:47  Drone  
  16  1:05  Spawning Pool  
  15  1:30  Drone x3  
  18  2:00  Spine Crawler  
  17  2:02  Queen  
  17  2:06  Zergling x6  
  22  2:09  Metabolic Boost  
  22  2:21  Hatchery  
  21  2:50  Drone  
  22  2:51  Overlord x2  
  19  3:48  Lair  
  19  3:54  Spine Crawler  
  18  3:59  Roach Warren  
  18  4:00  Drone x3  
  20  4:04  Drone  
  20  4:05  Drone x4  
  25  4:25  Drone  
  25  4:30  Queen  
  28  4:32  Drone x2  
  28  4:36  Extractor  
  29  5:04  Spire  
  28  5:10  Pneumatized Carapace  
  28  5:22  Spine Crawler  
  27  5:29  Drone x2  
  27  5:30  Drone  
  30  5:49  Roach x2  
  34  5:50  Zergling x6, Roach  
  39  6:17  Hatchery  
  35  6:30  Mutalisk  
  35  6:31  Mutalisk x2  
  41  6:44  Hatchery  
  40  7:11  Infestation Pit  
  40  7:12  Extractor  
  40  7:14  Overlord x3  
  40  7:15  Extractor  
  37  7:31  Drone  
  37  8:04  Hive  
  37  8:11  Mutalisk  
  37  8:12  Mutalisk x4  
  43  8:34  Mutalisk  
  43  8:35  Mutalisk  
  43  8:37  Spine Crawler  
  46  8:49  Drone x3  
  49  8:57  Drone  
  37  9:55  Drone x3  
  40  10:15  Drone x6  
  46  10:22  Queen  
  38  11:16  Greater Spire  
  38  11:36  Mutalisk, Corruptor  
  38  11:37  Corruptor x4  
  50  11:49  Drone x3  
  53  12:14  Corruptor x3  
  59  12:34  Brood Lord x2  
  63  13:09  Drone x6  
  69  13:18  Brood Lord x2  
  61  14:46  Corruptor  
  61  14:47  Corruptor  
  61  14:50  Overlord x4  
  43  15:21  Corruptor  
  43  15:22  Corruptor x5  
  39  16:19  Spire  
  36  16:33  Spawning Pool  
Show
View Real Time Build Order
Export as new Build Order

custoin Terran - Winner!

Build Orders:  

Get SALT Encoding   

  12  0:01  SCV  
  13  0:16  SCV  
  14  0:22  Supply Depot  
  14  0:30  SCV  
  15  0:44  SCV  
  16  0:55  Barracks  
  16  1:05  SCV  
  16  1:08  Refinery  
  17  1:23  SCV  
  18  1:35  Command Center  
  18  1:44  Orbital Command  
  18  1:49  Supply Depot  
  19  1:57  Barracks Reactor  
  18  2:11  SCV  
  19  2:23  SCV  
  20  2:35  SCV  
  20  2:36  Reaper x2  
  23  2:47  SCV  
  23  2:49  Orbital Command  
  24  2:54  Refinery  
  24  2:59  SCV  
  24  3:04  Refinery  
  25  3:08  Marine x2  
  27  3:26  Marine x2  
  29  3:39  SCV  
  29  3:44  Marine x2  
  31  3:51  SCV  
  32  4:02  Marine x2  
  34  4:03  SCV  
  34  4:05  Factory  
  34  4:08  Barracks  
  34  4:09  Engineering Bay  
  35  4:14  SCV  
  35  4:16  SCV  
  37  4:19  Marine  
  37  4:20  Marine  
  39  4:26  SCV  
  39  4:28  SCV  
  41  4:37  Marine x2  
  43  4:38  SCV  
  43  4:40  SCV  
  45  4:50  SCV  
  46  5:00  Starport x2  
  46  5:03  Armory, Factory Tech Lab  
  46  5:13  Marine x2  
  46  5:14  SCV x2  
  50  5:25  Supply Depot  
  50  5:26  SCV x2  
  52  5:31  Marine x2  
  54  5:47  SCV x2  
  54  5:48  Supply Depot, Starport Tech Lab  
  54  5:49  Starport Tech Lab, Marine x2  
  58  5:56  Siege Tank  
  61  5:59  SCV  
  61  6:01  SCV  
  61  6:07  Marine x2  
  60  6:11  SCV  
  60  6:13  SCV  
  62  6:24  SCV  
  62  6:25  Marine x2  
  65  6:26  Liberator  
  68  6:34  Siege Tank  
  68  6:37  SCV  
  69  6:42  Marine x2  
  71  6:50  SCV  
  71  6:52  Supply Depot  
  72  7:01  Missile Turret  
  72  7:02  SCV  
  73  7:18  Marine x2  
  73  7:21  Terran Vehicle Weapons Level 1  
  75  7:23  Missile Turret  
  75  7:24  Armory  
  76  7:30  Barracks Tech Lab  
  76  7:33  Thor  
  76  7:36  Marine x2  
  83  7:40  Refinery  
  83  7:45  Missile Turret  
  83  7:49  Supply Depot  
  83  7:53  Marine  
  83  7:54  Marine  
  83  7:56  Combat Shield  
  85  8:06  Missile Turret  
  85  8:11  Marine x2  
  79  8:24  Marine  
  77  8:28  Thor  
  77  8:29  Marine x2  
  85  8:42  Marine  
  85  8:47  Supply Depot  
  86  8:50  Missile Turret  
  86  8:51  Command Center  
  86  8:53  Missile Turret  
  86  8:54  Missile Turret  
  86  8:56  Missile Turret  
  86  8:57  Medivac x2  
  86  9:00  Marine  
  91  9:04  Armory  
  91  9:05  Terran Ship Weapons Level 1  
  91  9:08  Terran Infantry Weapons Level 1  
  89  9:10  Refinery  
  89  9:15  Refinery  
  85  9:18  Marine  
  86  9:36  Marine  
  87  9:41  Missile Turret x3  
  87  9:43  Missile Turret  
  87  9:45  Missile Turret  
  84  9:58  Fusion Core  
  84  10:06  Starport  
  84  10:11  Starport  
  84  10:30  Viking  
  84  10:31  Viking  
  85  10:42  Missile Turret  
  83  10:48  Starport  
  79  10:55  Starport Tech Lab  
  77  11:00  Viking  
  77  11:02  Hi-Sec Auto Tracking  
  79  11:09  Terran Vehicle And Ship Armor Level 1  
  79  11:12  SCV  
  79  11:15  SCV  
  81  11:24  SCV  
  82  11:27  SCV  
  83  11:36  SCV  
  83  11:39  SCV  
  85  11:41  Missile Turret  
  85  11:48  SCV  
  85  11:51  SCV  
  87  12:00  SCV  
  88  12:02  Missile Turret  
  88  12:03  SCV  
  89  12:16  SCV x2  
  89  12:20  Orbital Command  
  91  12:28  SCV  
  91  12:29  SCV, Missile Turret  
  93  12:37  Starport Tech Lab  
  93  12:40  SCV, Starport Tech Lab  
  93  12:41  SCV  
  95  12:51  Supply Depot, Missile Turret  
  95  12:53  SCV x2  
  97  13:05  SCV x2  
  99  13:14  Supply Depot  
  99  13:17  Battlecruiser x2  
  99  13:18  Missile Turret  
  99  13:19  Battlecruiser  
  117  13:23  Terran Vehicle And Ship Armor Level 2  
  117  13:30  SCV  
  117  13:32  SCV  
  119  13:38  Supply Depot  
  119  13:41  Missile Turret  
  119  13:42  SCV  
  119  13:44  SCV  
  121  13:48  SCV  
  121  13:54  SCV  
  123  13:56  SCV  
  123  14:01  Supply Depot  
  125  14:03  Missile Turret  
  125  14:08  SCV  
  124  14:19  Orbital Command  
  124  14:21  SCV  
  125  14:25  Missile Turret  
  125  14:27  Supply Depot  
  123  14:42  Viking x5  
  133  14:47  Missile Turret  
  133  14:50  Supply Depot  
  129  15:12  Viking x5  
  139  15:14  Supply Depot  
  139  15:26  SCV  
  139  15:27  SCV x2  
  142  15:38  SCV  
  142  15:39  SCV  
  142  15:40  SCV  
  142  15:42  Viking x3  
  151  15:50  SCV  
  151  15:51  SCV  
  151  15:52  SCV  
  154  16:02  SCV  
  154  16:04  SCV x2  
  151  16:14  SCV  
  151  16:16  SCV x2  
Tags
 
Matchup
TvZ
Opening
Pool First
Replay Pack
MrFercho
Spawn Locations
Cross Positions
Add a new tag
Caveats
  • Supply blocks, unpowered buildings, or Contaminate may cause inaccurate times.
  • Supply counts are checked every 10 seconds.